 Dungeon Crawl Stone Soup version 0.31.0-7-gf635a9b802 (webtiles) character file.

Game seed: 6014601452395793824

207 Esekla the Grave Robber (level 5, -2/29 HPs)
             Began as a Tengu Necromancer on Jan 23, 2024.
             Slain by an orc
             ... wielding a +2 falchion of electrocution
              (12 damage)
             ... on level 3 of the Dungeon.
             The game lasted 00:12:52 (2334 turns).

Esekla the Grave Robber (Tengu Necromancer)         Turns: 2334, Time: 00:12:53

Health: -2/29      AC:  2    Str:  8    XL:     5   Next: 85%
Magic:  6/9        EV: 13    Int: 17    God:
Gold:   126        SH:  0    Dex: 19    Spells: 5/9 levels left

rFire   . . .        r - +8 trident of the Insatiable Quests {elec, Dex+4}
rCold   . . .        (no shield)
rNeg    . . .        a - +0 robe
rPois   .            (helmet restricted)
rElec   .            (no cloak)
rCorr   +            (no gloves)
SInv    .            (boots unavailable)
Will    .....        (no amulet)
Stlth   +++          g - ring of resist corrosion
HPRegen 0.24/turn    (no ring)
MPRegen 0.11/turn

%: acrobat
@: very slightly contaminated
A: beak, talons 3, acrobatic
a: no special abilities


You were on level 3 of the Dungeon.
You visited 1 branch of the dungeon, and saw 4 of its levels.

You collected 126 gold pieces.

Inventory:

Hand Weapons
 r - the +8 trident of the Insatiable Quests (weapon) {elec, Dex+4}
   (You found it on level 3 of the Dungeon)

   Dex+4:     It affects your dexterity (+4).
 s - a +1 dagger of electrocution
Missiles
 m - 6 poisoned darts (quivered)
Armour
 a - a +0 robe (worn)
Jewellery
 g - a ring of resist corrosion (left hand)
Scrolls
 c - a scroll of revelation {unknown}
 d - 2 scrolls of teleportation {unknown}
 e - 3 scrolls of amnesia {unknown}
 i - a scroll of enchant weapon {unknown}
 k - 3 scrolls of identify {unknown}
 l - a scroll of vulnerability {unknown}
 o - a scroll of silence {unknown}
 p - a scroll of poison {unknown}
Potions
 b - 2 potions of magic
 f - a potion of might {unknown}
 h - 2 potions of heal wounds {unknown}
 j - 3 potions of curing {unknown}
 n - a potion of mutation {unknown}


   Skills:
 * Level 1.0 Fighting
 + Level 0.8 Short Blades
 + Level 1.1 Polearms
 + Level 0.1 Throwing
 * Level 3.2 Dodging
 + Level 3.4 Stealth
 * Level 2.6 Spellcasting
 * Level 5.5 Necromancy


You had 5 spell levels left.
You knew the following spells:

 Your Spells              Type           Power      Damage    Failure   Level
a - Necrotise             Necr           84%        1d8       1%          1
d - Vampiric Draining     Necr           21%        2d7       5%          3

Your spell library contained the following spells:

 Spells                   Type           Power      Damage    Failure   Level
 Animate Dead             Necr           21%        N/A       19%         4
 Curse of Agony           Necr           21%        N/A       45%         5


Dungeon Overview and Level Annotations

Branches:
Dungeon (4/15)
 Temple: D:4-7

Altars:

Annotations:
D:2 Terence
D:4 1 runed translucent door, infact19's ghost, novice OpSh


Innate Abilities, Weirdness & Mutations

You have a beak for a mouth.
You have claws for feet.
You can magically evade attacks while moving or waiting.


Message History

b - 2 potions of magic (gained 1)
You open the door.
There is an open door here.
You see here a +0 ring mail.
An orc priest comes into view.
It is wielding a +2 short sword of electrocution.
The +8 trident of the Insatiable Quests {elec, Dex+4} stops crackling.
You hear the crackle of electricity.
s - a +1 dagger of electrocution (weapon)
Found a bubbling orange potion.
The orc priest shouts!
You hear a shout! x3 2 orcs come into view.
An orc is wielding a +2 falchion of electrocution.
An orc comes into view. It is wielding a +0 short sword.
Your +1 dagger of electrocution stops crackling.
You feel agile.
You hear the crackle of electricity.
r - the +8 trident of the Insatiable Quests (weapon)
{elec, Dex+4} An orc wizard comes into view.
It is wielding a +3 dagger.
The orc priest mumbles some strange prayers to Beogh against you.
Beogh smites you!
The orc wizard shouts!
You hit the orc priest.
The orc priest is moderately wounded.
The orc priest hits you but does no damage.
You puncture the orc priest!
Lightning courses through the orc priest!
You kill the orc priest!
Your Fighting skill increases to level 1!
Your Polearms skill increases to level 1!
You closely miss the orc. Your kick misses the orc.
Cast which spell? (? or * to list)
Aiming: Vampiric Draining (quite dangerous; 5% risk of failure)
Press: ? - help, Shift-Dir - straight line, f - orc
Aim: an orc, wielding a +2 falchion of electrocution and wearing a +0 leather armour You miscast Vampiric Draining.
You are very lightly contaminated with residual magic.
Nothing appears to happen.
The orc hits you with a +2 falchion of electrocution!
You are electrocuted!
You die...

##.#....###..##.##.#.#.#..#
#..
##.####..##.###[##...#.#...#
##............#..#.###.###...
#######..##.#.#..#.# ....
.##.
..........>......#.###### #
######........#....~≈≈≈≈≈≈
######........#..#.#######
#....'.......[#..#.#.....#
#.##.#........#.@#.# #.###
................oo.o.#.#
##.#........#.#..#...# #
##.#....###.#.#..#..o...
##.#....# #.#.#..#.###.#
##.#....# #.#.#..# #
#.#...... .# #.!# #.#.......
.... #.####.##.


You could see an orc wizard and 3 orcs.

Vanquished Creatures
  A jelly (D:3)
  An orc priest (D:3)
  An iguana (D:4)
  3 gnolls (D:3)
  4 adders
  A dart slug (D:1)
  5 ball pythons
  2 bats (D:1)
  4 endoplasms
  A giant cockroach (D:1)
  7 goblins
  3 hobgoblins
  5 jackals (D:1)
  6 kobolds
  5 quokkas
  2 frilled lizards
  4 rats
55 creatures vanquished.

Notes
Turn   | Place    | Note
-------+----------+-------------------------------------------
     0 | D:1      | Esekla the Tengu Necromancer began the quest for the Orb.
     0 | D:1      | Reached XP level 1. HP: 10/10 MP: 4/4
   143 | D:1      | Reached XP level 2. HP: 14/15 MP: 6/6
   572 | D:1      | Reached skill level 5 in Necromancy
   572 | D:1      | Reached XP level 3. HP: 19/19 MP: 7/7
   637 | D:1      | Learned a level 3 spell: Vampiric Draining
   803 | D:3      | Identified the +8 trident of the Insatiable Quests {elec,
                  | Dex+4}
   846 | D:4      | Noticed infact19's ghost (novice OpSh)
   846 | D:4      | Noticed a bullfrog
   846 | D:4      | Found a runed translucent door.
   892 | D:4      | Reached XP level 4. HP: 24/24 MP: 8/8
  1312 | D:2      | Noticed Terence
  1830 | D:3      | Reached XP level 5. HP: 28/28 MP: 9/9
  2333 | D:3      | Reached skill level 1 in Fighting
  2333 | D:3      | Reached skill level 1 in Polearms
  2334 | D:3      | Slain by an orc

Illustrated notes

Levels and vault maps discovered:
D:1:      roderic_octagonal_star, layout_loops_ring
D:2:      layout_loops_ring, chequers_arboretum, uniq_terence
D:3:      layout_basic, grunt_ministairs_7, grunt_decor_cap, patterned_corridor
D:4:      layout_rooms, slow_altar_2, minmay_temple_entry_glass,
          ebering_ghost_inner_flame, serial_shops, shop, hangedman_decor_lopped,
          st_stairs_9, minmay_shop_enchanted_jewellery

Skill      XL: |  1  2  3  4  5 |
---------------+----------------+-----
Necromancy     | 5 |  5.5
Dodging        | 3 |  3.2
Stealth        | 3 |  3.4
Fighting       | 1 |  1.0
Polearms       | 1 |  1.1
Short Blades   | |  0.8
Throwing       | |  0.1
Spellcasting   | |  2.6

Action                     |  1- 3 |  4- 6 || total
---------------------------+-------+-------++-------
  Melee: Dagger            |    63 |     5 ||    68
         Kick              |    20 |     5 ||    25
         Peck              |     6 |     5 ||    11
         Unarmed           |     1 |       ||     1
         Trident           |    10 |    44 ||    54
  Throw: Dart              |       |     4 ||     4
   Stab: Sleeping          |     6 |     3 ||     9
 Armour: Robe              |    19 |    18 ||    37
  Dodge: Dodged            |    53 |    25 ||    78
